Map: Old Republic LE

Players

Oghma

  • Race: Zerg Zerg
  • League: Diamond
  • Spawn Location: 1:00

roy - Winner!

  • Race: Terran Terran
  • League: Diamond
  • Spawn Location: 7:00

VOD

Have the link to the VOD?

Description

Time

  • Played on: May 17, 2026, 5:58 p.m.
  • Length: 31:15
Show
View Real Time Build Order
Export as new Build Order

Oghma Zerg 

Build Orders: Hatch First 

Get SALT Encoding   

  12  0:00  Drone  
  13  0:10  Drone  
  13  0:13  Extractor  
  13  0:15  Drone  
  15  0:36  Hatchery  
  15  0:40  Extractor  
  15  0:41  Drone  
  15  0:46  Overlord  
  15  1:03  Spawning Pool  
  14  1:06  Drone  
  14  1:09  Drone  
  16  1:13  Drone  
  16  1:17  Drone  
  18  1:29  Drone  
  19  1:39  Drone  
  20  1:50  Drone x2  
  20  1:53  Queen x2  
  26  1:59  Drone  
  26  2:01  Overlord  
  27  2:25  Drone, Extractor  
  27  2:29  Queen  
  29  2:33  Zergling x4  
  29  2:34  Drone x3  
  29  2:35  Queen  
  34  3:21  Overlord  
  34  3:27  Hatchery  
  33  3:36  Overlord x2  
  34  3:41  Drone x2  
  34  3:43  Overlord x2  
  35  3:54  Drone  
  35  3:55  Drone x2  
  38  3:56  Drone x3  
  38  3:57  Drone x3  
  38  3:59  Drone x2  
  46  4:08  Metabolic Boost  
  46  4:15  Extractor  
  45  4:18  Drone  
  45  4:19  Drone x2  
  48  4:29  Drone  
  48  4:30  Drone  
  48  4:31  Drone x2  
  52  4:34  Extractor  
  51  4:42  Queen  
  51  4:44  Roach Warren  
  52  4:46  Drone x6  
  52  4:48  Drone x2  
  52  4:49  Drone  
  52  4:51  Drone x2  
  63  4:59  Baneling Nest  
  62  5:02  Drone x2  
  62  5:03  Drone  
  62  5:04  Drone x2  
  67  5:08  Drone  
  68  5:18  Zergling x12  
  68  5:20  Lair  
  74  5:22  Hatchery  
  73  5:31  Zergling x2  
  74  5:46  Spore Crawler x2, Overlord x2  
  74  5:47  Overlord  
  72  5:50  Drone x2  
  74  5:59  Evolution Chamber  
  74  6:00  Evolution Chamber  
  72  6:14  Extractor  
  72  6:15  Drone x6  
  72  6:16  Drone x9  
  86  6:22  Drone x3  
  86  6:25  Zerg Melee Weapons Level 1  
  89  6:28  Zergling x4  
  89  6:31  Queen x3  
  81  6:48  Drone x6  
  87  6:54  Drone x2  
  89  7:04  Overlord  
  89  7:06  Overlord  
  89  7:22  Centrifugal Hooks, Hatchery  
  89  7:24  Hatchery  
  89  7:28  Infestation Pit, Drone x2  
  87  7:32  Extractor x2  
  87  7:36  Drone x3, Spine Crawler  
  87  7:37  Drone x3, Spine Crawler  
  87  7:38  Drone x3  
  87  7:40  Spine Crawler, Drone x2, Spore Crawler  
  92  7:50  Zergling x2  
  92  7:51  Zergling x4  
  95  7:52  Zergling x12  
  101  7:59  Zerg Ground Armor Level 1  
  101  8:01  Drone  
  101  8:02  Drone x3  
  101  8:05  Spore Crawler  
  104  8:08  Hive  
  104  8:09  Spine Crawler  
  104  8:10  Spore Crawler, Overseer  
  102  8:14  Pneumatized Carapace  
  102  8:17  Baneling x4  
  102  8:18  Baneling x7  
  102  8:19  Baneling, Zergling x2  
  109  8:20  Zergling x16  
  109  8:24  Overseer  
  109  8:25  Overseer  
  111  8:29  Overlord x4  
  111  8:36  Zergling x12  
  117  8:41  Queen  
  117  8:43  Drone x2  
  121  8:55  Queen  
  121  9:01  Extractor  
  122  9:12  Hatchery  
  121  9:21  Hatchery, Overlord  
  120  9:35  Zergling x2  
  120  9:36  Zergling x60  
  120  9:38  Queen  
  151  9:48  Overlord x3  
  151  9:49  Overlord  
  148  9:56  Spire  
  146  10:01  Spore Crawler  
  145  10:12  Hydralisk Den  
  144  10:17  Ultralisk Cavern  
  143  10:25  Spore Crawler  
  142  10:28  Spore Crawler  
  142  10:29  Queen  
  142  10:30  Drone x3  
  142  10:32  Extractor  
  142  10:35  Drone x6  
  150  10:36  Drone x2  
  150  10:37  Spine Crawler  
  150  10:38  Drone  
  150  10:39  Drone x3  
  156  10:44  Muscular Augments  
  156  10:46  Drone x4  
  156  10:47  Drone x2, Hydralisk x6  
  174  10:52  Infestor x4  
  174  10:53  Infestor  
  184  11:20  Overlord  
  184  11:21  Overlord  
  184  11:24  Anabolic Synthesis  
  184  11:27  Adrenal Glands  
  184  11:29  Zerg Melee Weapons Level 2, Zerg Ground Armor Level 2  
  184  11:47  Overlord  
  184  11:48  Grooved Spines  
  184  11:59  Zergling x28  
  184  12:00  Zergling x10  
  198  12:07  Chitinous Plating  
  179  12:12  Spine Crawler  
  175  12:16  Corruptor x5  
  175  12:17  Corruptor  
  175  12:20  Baneling x5  
  175  12:21  Baneling x6  
  175  12:22  Baneling x2  
  176  12:31  Ultralisk x3  
  176  12:33  Corruptor  
  176  12:34  Corruptor  
  186  12:55  Drone  
  186  12:56  Drone x13  
  200  13:00  Hatchery  
  200  13:01  Extractor, Zerg Flyer Weapons Level 1  
  200  13:03  Hydralisk, Extractor  
  200  13:05  Overlord x3  
  199  13:07  Hatchery  
  199  13:08  Drone x2  
  200  13:14  Overlord, Hatchery  
  200  13:16  Overseer x3  
  200  13:17  Hatchery  
  198  13:21  Overlord  
  198  13:41  Extractor  
  198  13:44  Extractor  
  198  13:45  Spine Crawler  
  198  13:46  Spine Crawler  
  198  13:47  Spine Crawler  
  193  13:48  Spore Crawler x2  
  193  13:51  Spine Crawler  
  190  13:55  Spore Crawler  
  190  13:58  Ultralisk  
  195  14:13  Drone  
  195  14:14  Drone x4  
  195  14:16  Overlord  
  200  14:26  Overlord  
  200  14:27  Overlord  
  200  14:34  Hatchery  
  194  15:18  Zergling x6  
  197  15:25  Spine Crawler  
  197  15:27  Spore Crawler  
  197  15:28  Baneling x4  
  181  15:56  Hydralisk x3  
  181  15:57  Hydralisk x5  
  187  16:10  Drone x3  
  190  16:12  Drone x3  
  193  16:30  Overlord  
  193  16:31  Overlord  
  193  16:33  Hatchery  
  193  16:37  Ultralisk  
  193  16:39  Zerg Melee Weapons Level 3  
  198  16:40  Zerg Ground Armor Level 3  
  191  17:12  Greater Spire  
  191  17:18  Spire  
  190  17:23  Ultralisk  
  196  17:30  Neural Parasite  
  196  17:42  Overseer x2  
  196  17:47  Overlord  
  196  17:54  Zergling x6  
  199  18:30  Hatchery  
  198  18:49  Microbial Shroud  
  191  19:15  Spine Crawler  
  190  19:17  Spine Crawler x2, Zergling x6  
  187  19:27  Corruptor x3  
  187  19:31  Spine Crawler  
  191  19:32  Corruptor x3  
  167  20:09  Corruptor  
  167  20:10  Corruptor  
  167  20:11  Corruptor  
  170  20:34  Corruptor x5  
  148  20:46  Corruptor x4  
  148  20:48  Drone x7  
  147  21:03  Hatchery  
  146  21:05  Overlord  
  146  21:06  Overlord x2  
  146  21:09  Zerg Flyer Armor Level 1  
  146  21:10  Zerg Flyer Weapons Level 2  
  146  21:24  Queen  
  146  21:25  Drone x3  
  150  21:27  Drone x3  
  150  21:29  Drone  
  155  21:37  Hatchery  
  154  21:41  Drone  
  155  21:47  Viper x2  
  155  21:48  Viper  
  164  22:03  Extractor  
  164  22:05  Extractor  
  161  22:09  Overseer  
  94  23:15  Hydralisk  
  94  23:16  Hydralisk x5  
  106  23:20  Zerg Missile Weapons Level 1  
  106  23:37  Hatchery  
  106  23:40  Spore Crawler, Drone  
  106  23:41  Drone  
  106  23:45  Spore Crawler  
  106  23:47  Spore Crawler  
  106  23:48  Spore Crawler  
  101  23:49  Spore Crawler  
  98  23:56  Brood Lord  
  98  23:57  Brood Lord  
  98  23:58  Brood Lord  
  96  24:23  Viper  
  96  24:24  Viper x3  
  86  24:29  Infestor x5  
  105  24:33  Ultralisk x4  
  105  24:36  Overseer  
  113  24:57  Zergling x32  
  125  25:21  Overlord x2  
  125  25:22  Overlord x6  
  125  25:25  Zerg Flyer Weapons Level 3  
  125  25:26  Zerg Flyer Armor Level 2  
  125  25:39  Drone  
  125  25:40  Drone x2  
  125  25:41  Drone x4  
  128  26:25  Spine Crawler  
  123  26:39  Overseer  
  123  26:47  Overseer  
  123  27:08  Hatchery  
  122  27:09  Zerg Missile Weapons Level 2  
  122  27:10  Hydralisk x12  
  83  27:45  Zergling x18  
  83  27:48  Baneling  
  92  28:12  Corruptor x3  
  97  28:28  Drone  
  97  28:31  Drone  
  93  28:54  Drone x3  
  70  29:47  Zergling x8  
  28  30:53  Overlord  
Show
View Real Time Build Order
Export as new Build Order

roy Terran - Winner!

Build Orders: Reaper Expand 

Get SALT Encoding   

  12  0:00  SCV  
  13  0:12  SCV  
  14  0:17  Supply Depot  
  14  0:24  SCV  
  15  0:39  SCV  
  15  0:40  Barracks  
  16  0:44  Refinery  
  16  0:51  SCV  
  17  1:03  SCV  
  18  1:15  SCV  
  19  1:28  Reaper  
  19  1:29  Orbital Command  
  20  1:40  Command Center  
  20  1:48  Supply Depot  
  20  1:55  SCV  
  21  2:01  Marine  
  21  2:07  SCV  
  23  2:19  Command Center  
  23  2:28  Barracks Reactor, SCV  
  24  2:40  SCV  
  25  2:51  Barracks  
  25  2:52  Barracks  
  24  3:13  SCV, Orbital Command  
  24  3:17  Marine  
  24  3:18  Marine  
  27  3:29  SCV  
  27  3:32  Orbital Command  
  28  3:37  Marine x2  
  28  3:39  Barracks Tech Lab x2  
  30  3:43  SCV  
  30  3:44  SCV  
  32  3:53  Refinery  
  32  3:55  Refinery  
  32  3:56  SCV x2, Marine  
  32  3:57  Marine  
  32  3:59  Combat Shield, Stimpack  
  36  4:09  Marine x2, Supply Depot  
  38  4:10  SCV  
  38  4:11  SCV x2  
  41  4:25  SCV x3  
  41  4:26  Marine x2  
  46  4:32  Factory  
  46  4:35  Supply Depot  
  46  4:36  Marine x2  
  48  4:40  SCV x3  
  51  4:45  Marine  
  51  4:46  Marine  
  51  4:47  Factory  
  53  4:56  SCV x3  
  55  5:00  Marine x2  
  55  5:01  Supply Depot  
  55  5:02  Supply Depot  
  55  5:06  Marine x2  
  59  5:08  SCV x2  
  59  5:12  Supply Depot  
  59  5:14  SCV  
  62  5:17  Factory Tech Lab  
  62  5:20  SCV x2  
  64  5:25  Refinery  
  64  5:26  SCV  
  65  5:30  Factory Tech Lab  
  65  5:34  Starport  
  65  5:36  SCV x2, Engineering Bay  
  65  5:38  SCV  
  65  5:39  Engineering Bay  
  68  5:47  Orbital Command  
  68  5:50  Siege Tank x2  
  68  5:53  Marine  
  68  5:54  Marine x3  
  78  6:07  Command Center  
  78  6:09  Terran Infantry Weapons Level 1  
  78  6:10  Terran Infantry Armor Level 1  
  78  6:14  Starport Reactor  
  78  6:20  Marine x2  
  78  6:21  Marine x2  
  78  6:22  SCV  
  78  6:23  SCV x2  
  78  6:25  Refinery  
  85  6:28  Refinery  
  84  6:41  Marine x4  
  84  6:42  Siege Tank x2  
  84  6:45  SCV x2  
  84  6:46  SCV  
  86  6:50  Medivac x2  
  90  6:59  Marine x2  
  90  7:01  Marine x2  
  92  7:02  SCV x2, Supply Depot  
  92  7:03  SCV  
  92  7:07  Armory  
  97  7:14  SCV  
  97  7:15  SCV x2  
  100  7:17  Barracks x2  
  100  7:19  Barracks  
  100  7:21  Orbital Command  
  100  7:26  SCV  
  101  7:30  Supply Depot  
  101  7:34  SCV x2  
  103  7:39  SCV, Siege Tank  
  103  7:40  Siege Tank  
  103  7:41  Supply Depot  
  103  7:42  Supply Depot  
  110  7:48  Marine x3  
  110  7:49  Marine  
  114  7:51  Medivac  
  114  7:52  Medivac  
  114  7:55  Drilling Claws  
  114  7:56  Infernal Pre-Igniter  
  118  8:02  SCV x2  
  118  8:03  SCV x2  
  118  8:04  Factory  
  122  8:06  Barracks Tech Lab  
  122  8:07  Barracks Tech Lab, Barracks Reactor  
  122  8:14  Terran Infantry Weapons Level 2, Terran Infantry Armor Level 2  
  122  8:16  Terran Vehicle Weapons Level 1  
  122  8:22  Marine x2  
  122  8:23  Marine x2, Siege Tank  
  122  8:24  Siege Tank  
  132  8:28  Concussive Shells  
  132  8:34  SCV x4  
  132  8:37  Marine, Marauder  
  132  8:40  Marine x2  
  141  8:43  Supply Depot  
  141  8:44  Supply Depot  
  141  8:46  Marauder x2, Marine x2  
  147  8:55  Marine  
  148  8:57  Command Center  
  148  9:01  Factory Reactor  
  148  9:05  Marine x2, Medivac x2, Siege Tank x2  
  160  9:10  Marine x2, Marauder x2  
  160  9:13  Orbital Command  
  160  9:14  Supply Depot  
  166  9:17  Supply Depot  
  166  9:33  Marauder, Refinery  
  166  9:34  Marauder x2  
  166  9:35  Marine x4, Marauder  
  178  9:38  Refinery  
  173  9:53  Marine  
  167  10:01  Marauder x2  
  172  10:07  Hellbat x4  
  178  10:33  Planetary Fortress  
  178  10:34  Barracks  
  178  10:35  Terran Infantry Weapons Level 3, Terran Infantry Armor Level 3  
  178  10:36  Barracks, Terran Vehicle Weapons Level 2  
  178  10:37  Barracks  
  178  10:39  Widow Mine  
  178  10:40  Widow Mine x3  
  186  10:43  Smart Servos  
  186  10:45  Command Center  
  186  11:00  Refinery  
  186  11:03  Refinery  
  186  11:05  Marauder x2  
  186  11:06  Widow Mine x4  
  198  11:40  Command Center  
  198  11:46  Barracks Tech Lab x3  
  198  11:54  Command Center  
  198  12:00  Marauder  
  170  12:27  Marine x5, Marauder x3  
  167  12:42  Siege Tank  
  167  12:43  Siege Tank, Widow Mine x2  
  159  12:44  Medivac x2  
  155  13:00  Missile Turret x3  
  155  13:03  Planetary Fortress  
  155  13:07  Missile Turret  
  155  13:12  Neosteel Armor, Hi-Sec Auto Tracking  
  155  13:14  Starport  
  155  13:15  Starport  
  155  13:16  Starport  
  155  13:17  Planetary Fortress, Starport  
  155  13:20  Missile Turret  
  155  13:28  Missile Turret  
  155  13:41  Missile Turret  
  155  13:48  Missile Turret  
  155  13:52  Starport Reactor x2  
  155  13:53  Starport Reactor x2  
  155  13:59  Marauder x2  
  155  14:00  Marauder x5, Marine x4  
  155  14:02  Missile Turret, Command Center  
  172  14:17  Command Center  
  172  14:18  Marine x4  
  172  14:20  Command Center  
  172  14:22  Missile Turret  
  179  14:31  Marauder x3, Marine x3  
  179  14:32  Marauder  
  179  14:33  Viking x5  
  179  14:34  Viking x2  
  179  14:36  Marine, Viking  
  179  14:37  Viking  
  178  15:05  Liberator x6, Refinery x2  
  178  15:06  Liberator  
  191  15:43  Widow Mine x4  
  190  15:53  Liberator x6  
  190  15:54  Liberator x3  
  190  15:55  Marine  
  190  15:56  Marine x3  
  200  15:57  Marine  
  196  16:19  Terran Vehicle Weapons Level 3  
  196  16:29  Orbital Command  
  196  16:34  Factory  
  196  16:41  Fusion Core  
  196  16:52  Factory x2  
  190  17:22  Factory Tech Lab  
  190  17:28  Armory  
  190  17:35  Advanced Ballistics  
  190  17:46  Factory Tech Lab  
  190  17:48  Factory Reactor  
  190  17:49  Hellbat x2  
  194  18:12  Missile Turret x2  
  194  18:22  Terran Vehicle And Ship Armor Level 1  
  186  18:35  Missile Turret  
  186  18:36  Missile Turret  
  186  18:43  Thor x2  
  186  18:45  Hellbat  
  200  18:50  Planetary Fortress  
  189  20:15  Thor x2  
  189  20:17  Hellion  
  189  20:18  Hellion  
  178  20:42  Liberator x7  
  171  20:43  Liberator x3  
  174  20:57  Terran Ship Weapons Level 1, Terran Vehicle And Ship Armor Level 2  
  165  21:17  Command Center  
  162  21:20  Refinery  
  162  21:21  Command Center x2  
  162  21:23  Hellbat x7  
  162  21:24  Hellbat, Liberator  
  162  21:25  Refinery  
  181  21:55  Hellion x3, Hellbat  
  181  21:56  Hellion x2, Hellbat  
  176  22:32  Thor x4  
  198  22:50  Viking x7  
  198  22:51  Viking  
  190  23:20  Terran Ship Weapons Level 2, Terran Vehicle And Ship Armor Level 3  
  190  23:45  Refinery  
  190  23:49  Refinery  
  190  24:03  Thor  
  196  24:14  Planetary Fortress  
  196  24:17  Planetary Fortress  
  191  24:26  Planetary Fortress  
  191  24:33  Hellbat x3, Hellion  
  199  24:50  Viking x3  
  199  25:22  Missile Turret  
  199  25:24  Missile Turret  
  199  25:26  Unknown  
  199  25:27  Missile Turret  
  199  25:29  Missile Turret  
  199  25:40  Terran Ship Weapons Level 3  
  199  25:42  Hellion x13  
  175  26:36  Hellbat x5  
  175  26:37  Hellbat x3  
  177  27:07  Missile Turret, Refinery  
  177  27:08  Missile Turret  
  177  27:10  Missile Turret  
  177  27:11  Command Center x2, Refinery  
  175  27:23  Missile Turret  
  175  27:26  Thor  
  175  27:27  Thor x3, Missile Turret x2  
  175  27:28  Missile Turret  
  175  27:29  Missile Turret  
  142  27:36  Reaper  
  142  27:37  Reaper x3  
  121  27:38  Hellbat x4  
  121  27:39  Liberator x2  
  121  27:40  Liberator x4  
  121  27:41  Liberator x4  
  148  27:59  Hellbat  
  148  28:01  Command Center  
  150  28:12  Thor x4  
  166  28:14  Hellbat x3  
  175  28:22  Liberator  
  173  29:08  Liberator x6  
  173  29:09  Liberator  
  194  29:14  Planetary Fortress  
  166  29:44  Siege Tank x4  
  176  29:46  Hellion x4  
  160  30:24  Siege Tank x4  
  160  30:25  Hellion x4, Liberator x2  
  160  30:26  Liberator  
  182  30:38  Orbital Command  
Tags
 
Add a new tag
Caveats
  • Supply blocks, unpowered buildings, or Contaminate may cause inaccurate times.
  • Supply counts are checked every 10 seconds.